 Dungeon Crawl Stone Soup version 0.27-a0-828-g8289197 (webtiles) character file.

Game seed: 11076635345340930834

100 2tousent the Sneak (level 4, -3/21 HPs)
             Began as a Vine Stalker Enchanter on Mar 30, 2021.
             Slain by Robin
             ... wielding a +0 dagger
              (5 damage)
             ... on level 2 of the Dungeon.
             The game lasted 00:03:00 (1632 turns).

2tousent the Sneak (Vine Stalker Enchanter)         Turns: 1632, Time: 00:03:00

Health: -3/21      AC:  2    Str: 10    XL:     4   Next: 73%
Magic:  0/8        EV: 12    Int: 15    God:
Gold:   47         SH:  0    Dex: 16    Spells: 5/8 levels left

rFire    . . .     SeeInvis .   a - +2 dagger
rCold    . . .     Faith    .   (no shield)
rNeg     . . .     Spirit   +   b - +0 robe
rPois    .         Reflect  .   (no helmet)
rElec    .         Harm     .   (no cloak)
rCorr    .         Rampage  .   (no gloves)
Will     .....                  (no boots)
Stlth    +++.......             (no amulet)
HPRegen  1.07/turn              (no ring)
MPRegen  0.11/turn              (no ring)

@: very slightly contaminated
A: fangs 2, regeneration 1, magic shield, antimagic bite, no potion heal 3
a: no special abilities


You were on level 2 of the Dungeon.
You visited 1 branch of the dungeon, and saw 2 of its levels.

You collected 47 gold pieces.

Inventory:

Hand Weapons
 a - a +2 dagger (weapon)
Armour
 b - a +0 robe (worn)
Wands
 d - a wand of acid (5)
Potions
 c - a potion of invisibility {unknown}
 e - a potion of haste


   Skills:
 * Level 2.1 Short Blades
 + Level 2.0 Dodging
 * Level 4.7 Stealth
 + Level 2.5 Spellcasting
 + Level 3.3 Hexes
 + Level 1.0 Ice Magic


You had 5 spell levels left.
You knew the following spells:

 Your Spells              Type           Power      Damage    Failure   Level
a - Corona                Hex            13%        N/A       5%          1
b - Ensorcelled Hibernat  Hex/Ice        16%        N/A       13%         2

Your spell library contained the following spells:

 Spells                   Type           Power      Damage    Failure   Level
 Confusing Touch          Hex            12%        N/A       16%         3
 Tukima's Dance           Hex            12%        N/A       16%         3
 Dazzling Flash           Conj/Hex       12%        N/A       32%         3


Dungeon Overview and Level Annotations

Branches:
Dungeon (2/15)

Altars:

Annotations:
D:2 Robin


Innate Abilities, Weirdness & Mutations

You have extremely sharp teeth.
Your natural rate of healing is unusually fast.
When hurt, damage is shared between your health and your magic reserves.
Your bite disrupts and absorbs the magic of your enemies.
Potions cannot restore your health.


Message History

You are too injured to fight recklessly!
You are too injured to fight recklessly!
You are too injured to fight recklessly!
You are too injured to fight recklessly!
You are too injured to fight recklessly!
You are too injured to fight recklessly!
You are too injured to fight recklessly!
Unknown command.
Casting: Ensorcelled Hibernation (safe; 13% risk of failure)
Confirm with . or Enter, or press ? or * to list all spells.
Aiming: Ensorcelled Hibernation (safe; 13% risk of failure)
Press: ? - help, Shift-Dir - straight line, f - Robin
Aim: Robin, wielding a +0 dagger, wearing a +0 animal skin and wearing a +0 helmet (chance to affect: 49%)
You miscast Ensorcelled Hibernation.
You are very lightly contaminated with residual magic.
Nothing appears to happen.
Robin closely misses you. The goblin closely misses you.
You aren't carrying any scrolls.
You hit the goblin. You bite the goblin. You drain its power.
You feel invigorated.
The goblin is heavily wounded.
Robin barely misses you. The goblin hits you with a +0 dagger.
You barely miss Robin. You bite Robin. You drain their power.
You feel invigorated.
Robin is lightly wounded.
Robin hits you with a +0 dagger. The goblin hits you with a +0 dagger.
You closely miss Robin.
Robin is lightly wounded.
A hobgoblin comes into view.
Robin hits you with a +0 dagger.
* * * LOW HITPOINT WARNING * * *
You barely miss the goblin.
The goblin is heavily wounded.
The goblin hits you with a +0 dagger.
* * * LOW HITPOINT WARNING * * *
Robin hits you with a +0 dagger.
* * * LOW HITPOINT WARNING * * *
It was a potion of curing.
That felt strangely inert.
The goblin closely misses you. Robin hits you with a +0 dagger.
You die...

#. #.# #.# #.# #.#...
#.# ......##†#
#........# #######>.#
#.........
#.#############.#####.##
#.ggggg@g.......# #.##
#.############### ####
#........# # #........#
# #........# #
#........# # #........#
# #........# #
#........########


You could see Robin, 3 hobgoblins and 2 goblins.

Vanquished Creatures
  Terence (D:2)
  2 adders (D:2)
  A worm (D:2)
  5 ball pythons
  An endoplasm (D:2)
  3 giant cockroaches
  2 hobgoblins
  8 jackals
  2 quokkas (D:2)
  A bat (D:1)
  6 frilled lizards
  8 goblins
  4 kobolds
  6 rats
50 creatures vanquished.

Notes
Turn   | Place    | Note
-------+----------+-------------------------------------------
     0 | D:1      | 2tousent the Vine Stalker Enchanter began the quest for the
                  | Orb.
     0 | D:1      | Reached XP level 1. HP: 9/9 MP: 4/4
    56 | D:1      | Reached skill level 1 in Short Blades
   244 | D:1      | Reached XP level 2. HP: 13/13 MP: 6/6
   267 | D:1      | Learned a level 2 spell: Ensorcelled Hibernation
   368 | D:1      | Reached skill level 4 in Stealth
   812 | D:1      | Reached XP level 3. HP: 2/16 MP: 4/7
  1206 | D:2      | Noticed Terence
  1210 | D:2      | Killed Terence
  1211 | D:2      | Gained mutation: Your natural rate of healing is unusually
                  | fast. [Vine Stalker growth]
  1211 | D:2      | Reached XP level 4. HP: 21/21 MP: 8/8
  1422 | D:2      | HP: 1/21 [adder (4)]
  1570 | D:2      | Reached skill level 1 in Ice Magic
  1616 | D:2      | Noticed Robin
  1631 | D:2      | HP: 1/21 [Robin/+0 dagger (4)]
  1632 | D:2      | Slain by Robin

Illustrated notes

Levels and vault maps discovered:
D:1:      co_arrival_square_in_a_square_in_a_square, layout_rooms,
          serial_bayou_ford_a
D:2:      layout_basic, minmay_curled_crystal, uniq_terence, uniq_robin

Skill      XL: |  1  2  3  4 |
---------------+-------------+-----
Short Blades   | 1 2 |  2.1
Stealth        | 4 |  4.7
Dodging        | 2 |  2.0
Ice Magic      | 1 |  1.0
Spellcasting   | |  2.5
Hexes          | |  3.3

Action                   |  1- 3 |  4- 6 || total
-------------------------+-------+-------++-------
Melee: Dagger            |    77 |    83 ||   160
       Bite              |    11 |    11 ||    22
 Cast: Ensorcelled Hiber |     1 |     5 ||     6
  Use: Scroll            |     2 |       ||     2
       Potion            |       |     1 ||     1
 Stab: Sleeping          |     6 |     3 ||     9
Armor: Robe              |     8 |     9 ||    17
Dodge: Dodged            |    48 |    44 ||    92

Table legend: (Time is in decaauts)
 A = Elapsed time spent in this place.
 B = Non-inter-level travel time spent in this place.
 C = Inter-level travel time spent in this place.
 D = Time resting spent in this place.
 E = Time spent auto-exploring this place.
 F = Levels seen in this place.
 G = Mean time per level.
                   A        B        C        D        E       F      G
               +--------+--------+--------+--------+--------+-----+--------+
         Total |   1625 |   1608 |     17 |      0 |   1282 |   2 |  812.5 |
       Dungeon |   1625 |   1608 |     17 |      0 |   1282 |   2 |  812.5 |
               +--------+--------+--------+--------+--------+-----+--------+

Top non-repeatable levels by time:
     D:1: 1189 daAuts
     D:2: 436 daAuts
